 Dungeon Crawl Stone Soup version 0.31-a0-365-gcf821cafb2 (webtiles) character file.

Game seed: 2108794676695413057

48 drugrobin the Sneak (level 3, -1/30 HPs)
             Began as a Demigod Delver on July 28, 2023.
             Slain by Sigmund
             ... wielding a +0 scythe
              (7 damage)
             ... on level 4 of the Dungeon.
             The game lasted 00:02:39 (532 turns).

drugrobin the Sneak (Demigod Delver)                 Turns: 532, Time: 00:02:39

Health: -1/30      AC:  3    Str: 17    XL:     3   Next: 30%
Magic:  5/5        EV: 12    Int: 12    God:
Gold:   46         SH:  0    Dex: 15    Spells: 2/2 levels left

rFire   . . .        a - +0 hand axe
rCold   . . .        (no shield)
rNeg    . . .        b - +0 leather armour
rPois   .            (no helmet)
rElec   .            (no cloak)
rCorr   .            (no gloves)
SInv    .            (no boots)
Will    .....        (no amulet)
Stlth   +++          (no ring)
HPRegen 0.25/turn    (no ring)
MPRegen 0.09/turn

%: no passive effects
@: hasted, very quick
A: high MP 1, forlorn, divine attributes
a: no special abilities


You were on level 4 of the Dungeon.
You visited 1 branch of the dungeon, and saw 2 of its levels.

You collected 46 gold pieces.

Inventory:

Hand Weapons
 a - a +0 hand axe (weapon)
Armour
 b - a +0 leather armour (worn)
 h - a +0 plate armour
Wands
 g - a wand of digging (3)
 j - a wand of flame (10)
 l - a wand of charming (7)
Scrolls
 c - a scroll of fog
 d - a scroll of revelation
 e - a scroll of fear
 i - a scroll of brand weapon {unknown}
 k - a scroll of immolation {unknown}


   Skills:
 - Level 2.6 Fighting
 - Level 2.0 Axes
 - Level 1.7 Dodging
 - Level 4.5 Stealth
 + Level 2.7 Evocations


You had 2 spell levels left.
You didn't know any spells.
Your spell library was empty.

Dungeon Overview and Level Annotations

Branches:
Dungeon (5/15)
 Temple: D:4-7

Annotations:
D:4 Pikel, Sigmund


Innate Abilities, Weirdness & Mutations

You have an increased reservoir of magic. (+10% MP)
You shall have no god before yourself.
Your divine heritage dramatically boosts your attributes as you level up.


Message History

Unknown command.
Unknown command.
Unknown command.
Unknown command.
Unknown command.
You are too confused!
Unknown command.
Unknown command.
An orc comes into view. It is wielding a +0 short sword.
The orc shouts!
The lemure misses you.
Unknown command.
Unknown command.
Unknown command.
The lemure barely misses you. Something hits you.
Unknown command.
Unknown command.
Unknown command.
Something hits you!
Unknown command.
Unknown command.
Unknown command.
You closely miss the lemure. You barely miss something.
You feel less confused. The lemure hits you.
* * * LOW HITPOINT WARNING * * *
The lemure barely misses you. Something hits you.
* * * LOW HITPOINT WARNING * * *
Unknown command.
Unknown command.
Unknown command.
Unknown command.
The lemure hits you but does no damage.
Unknown command.
Unknown command.
Unknown command.
Unknown command.
Unknown command.
You feel yourself speed up. Something hits you!
You die...

#####.# #.# #†#
#.# #.## #.#
#..######## #.#
#.........# #.#
#.........# #.#
#.....†...# #.#
#.........# #.#
#####..5@.....#
#.#
#...oo.o.######
#.#
...#######{#
#.# #g.. #.#
#!#.# #.#
#.#... ..# #.#
... #.# ....
#.# ...


You could see a lemure, 3 orcs and a hobgoblin.

Vanquished Creatures
  A jelly (D:4)
  A shadow imp (D:4)
  2 dart slugs
  An orc (D:5)
  A giant cockroach (D:4)
  2 ball pythons (D:4)
8 creatures vanquished.

Notes
Turn   | Place    | Note
-------+----------+-------------------------------------------
     0 | D:5      | drugrobin the Demigod Delver began the quest for the Orb.
     0 | D:5      | Reached XP level 1. HP: 18/18 MP: 3/3
   246 | D:5      | Noticed an orc wizard
   336 | D:4      | Noticed a jelly
   345 | D:4      | Killed a jelly
   346 | D:4      | Reached XP level 2. HP: 25/25 MP: 4/4
   346 | D:4      | Reached XP level 3. HP: 30/30 MP: 5/5
   369 | D:4      | Noticed Sigmund
   470 | D:4      | Noticed a lemure
   470 | D:4      | Noticed a lemure
   472 | D:4      | Noticed Pikel
   532 | D:4      | Slain by Sigmund

Illustrated notes

Levels and vault maps discovered:
D:4:      layout_basic, serial_curves, eino_curves_02, eino_curves_04,
          uniq_sigmund, uniq_pikel
D:5:      layout_layer_cave

Skill      XL: |  1 |
---------------+----+-----
Axes           | 2 |  2.0
Evocations     | 2 |  2.7
Fighting       | |  2.6
Dodging        | |  1.7
Stealth        | |  4.5

Action                     || total
---------------------------++-------
  Melee: Hand axe          ||    44
  Evoke: Wand              ||     3
    Use: Potion            ||     1
   Stab: Sleeping          ||     1
 Armour: Leather armour    ||     9
         Plate armour      ||     1
  Dodge: Dodged            ||    25

Table legend: (Time is in decaauts)
 A = Elapsed time spent in this place.
 B = Non-inter-level travel time spent in this place.
 C = Inter-level travel time spent in this place.
 D = Time resting spent in this place.
 E = Time spent auto-exploring this place.
 F = Levels seen in this place.
 G = Mean time per level.
                   A        B        C        D        E       F      G
               +--------+--------+--------+--------+--------+-----+--------+
         Total |    540 |    469 |     71 |      0 |    161 |   2 |  270.0 |
       Dungeon |    540 |    469 |     71 |      0 |    161 |   2 |  270.0 |
               +--------+--------+--------+--------+--------+-----+--------+

Top non-repeatable levels by time:
     D:4: 289 daAuts
     D:5: 250 daAuts
